Map: Ley Lines

Players

KimChiLoVer - Winner!

  • Race: Terran Terran
  • Spawn Location: 7:00

VOD

Have the link to the VOD?

Description

Time

  • Played on: Aug. 11, 2025, 11:01 p.m.
  • Length: 10:24
Show
View Real Time Build Order
Export as new Build Order

KimChiLoVer Terran - Winner!

Build Orders: Reaper Expand 

Get SALT Encoding   

  12  0:02  SCV  
  12  0:14  SCV  
  12  0:18  Supply Depot  
  12  0:26  SCV  
  12  0:39  SCV  
  12  0:41  Barracks  
  12  0:44  Refinery  
  12  0:52  SCV  
  12  1:04  SCV  
  12  1:16  SCV  
  12  1:28  Orbital Command  
  12  1:30  Reaper  
  12  1:41  Command Center  
  12  1:51  Supply Depot  
  12  1:55  SCV  
  12  2:07  Marine  
  12  2:09  Factory  
  12  2:11  Refinery  
  12  2:12  SCV  
  12  2:24  SCV  
  12  2:35  Barracks  
  12  2:36  SCV  
  12  2:37  Barracks  
  12  2:42  Barracks Reactor  
  12  2:50  SCV  
  12  2:53  Factory Tech Lab  
  12  2:58  Orbital Command  
  12  3:03  SCV  
  12  3:20  SCV  
  12  3:24  SCV  
  12  3:30  Marine, Command Center  
  12  3:31  Marine  
  12  3:33  SCV  
  12  3:41  Factory Reactor  
  12  3:42  Starport  
  12  3:48  Engineering Bay  
  12  3:53  Engineering Bay  
  12  3:57  SCV  
  12  3:58  SCV  
  12  4:04  Supply Depot  
  12  4:05  Stimpack, Marine  
  12  4:09  SCV  
  12  4:16  Barracks  
  12  4:18  SCV  
  12  4:26  Barracks  
  12  4:28  SCV  
  12  4:30  Factory Tech Lab  
  12  4:32  Medivac  
  12  4:37  Medivac  
  12  4:41  Marine x2  
  12  4:46  Terran Infantry Weapons Level 1  
  12  4:47  Terran Infantry Armor Level 1  
  12  4:53  Orbital Command  
  12  4:56  Barracks Tech Lab  
  12  4:58  Marine  
  12  4:59  Marine  
  12  5:02  SCV x2  
  12  5:13  Barracks Reactor  
  12  5:14  SCV, Refinery  
  12  5:15  Refinery, Siege Tank  
  12  5:18  Marine  
  12  5:26  SCV  
  12  5:31  Marine x4  
  12  5:33  Combat Shield  
  12  5:36  Marine  
  12  5:38  SCV  
  12  5:41  Supply Depot  
  12  5:43  Supply Depot  
  12  5:50  SCV, Medivac, Armory  
  12  5:55  Orbital Command  
  12  5:58  SCV  
  12  6:02  SCV  
  12  6:03  Barracks Tech Lab  
  12  6:07  Marine x3  
  12  6:08  Concussive Shells  
  12  6:11  SCV  
  12  6:14  SCV  
  12  6:23  SCV  
  12  6:26  SCV, Command Center  
  12  6:30  SCV  
  12  6:35  SCV  
  12  6:37  Supply Depot x2  
  12  6:39  SCV  
  12  6:43  SCV  
  12  6:46  Barracks x2  
  12  6:48  Terran Infantry Weapons Level 2  
  12  6:51  Barracks  
  12  6:52  Terran Infantry Armor Level 2  
  12  6:56  Marine x2  
  12  6:58  Siege Tank  
  12  7:01  SCV x2  
  12  7:02  SCV  
  12  7:06  Terran Vehicle And Ship Armor Level 1  
  12  7:10  Marine  
  12  7:11  Marine x3  
  12  7:12  Marine  
  12  7:14  Marine  
  12  7:22  Marine  
  12  7:24  Medivac  
  12  7:28  Marine, Viking  
  12  7:29  Marauder x2  
  12  7:30  Marauder  
  12  7:35  Barracks Tech Lab  
  12  7:36  Barracks Reactor  
  12  7:39  Orbital Command  
  12  7:46  Siege Tank  
  12  7:48  Barracks Reactor  
  12  7:49  SCV  
  12  7:54  Marine x4  
  12  7:59  Supply Depot  
  12  8:01  SCV, Command Center  
  12  8:02  Marine x2, Supply Depot  
  12  8:03  Marine x2  
  12  8:09  Medivac  
  12  8:10  Medivac  
  12  8:17  Marine  
  12  8:20  Marine x2  
  12  8:21  Marauder x3  
  12  8:22  Marauder  
  12  8:24  Supply Depot  
  12  8:25  Supply Depot  
  12  8:37  Refinery  
  12  8:38  Refinery, SCV  
  12  8:40  Marine x6  
  12  8:42  Marauder  
  12  8:43  Marauder  
  12  8:45  Viking  
  12  8:47  Viking  
  12  8:50  SCV  
  12  8:53  Supply Depot  
  12  8:56  Supply Depot  
  12  9:01  Marauder x2, Marine x3  
  12  9:02  Starport  
  12  9:03  Marine  
  12  9:04  Marine  
  12  9:17  Planetary Fortress  
  12  9:21  SCV x3  
  12  9:22  Orbital Command  
  12  9:26  Marauder x2, Marine x3  
  12  9:27  Marine x4  
  12  9:28  Siege Tank  
  12  9:32  Viking  
  12  9:33  SCV x2  
  12  9:35  Viking  
  12  9:40  SCV  
  12  9:46  Supply Depot  
  12  9:47  Marine x4  
  12  9:50  Marauder  
  12  9:52  Marauder x2, SCV  
  12  9:53  Marine  
  12  9:54  Marauder  
  12  9:55  Starport Reactor  
  12  10:12  Missile Turret  
Tags
 
Add a new tag
Caveats
  • Supply blocks, unpowered buildings, or Contaminate may cause inaccurate times.
  • Supply counts are checked every 10 seconds.